Map: 2000 Atmospheres LE

Players

PureLegacy - Winner!

  • Race: Terran Terran

Astrea

  • Race: Protoss Protoss

Event: DreamHack SC2 Masters 2021 Winter

VOD

Have the link to the VOD?

Description

Time

  • Played on: Oct. 5, 2021, 6:30 p.m.
  • Length: 9:52

All games in this series

Show
View Real Time Build Order
Export as new Build Order

PureLegacy Terran - Winner!

Build Orders: Reaper Expand, Banshee Rush 

Get SALT Encoding   

  12  0:01  SCV  
  13  0:13  SCV  
  14  0:17  Supply Depot  
  14  0:25  SCV  
  15  0:38  SCV  
  15  0:40  Barracks  
  16  0:43  Refinery  
  16  0:50  SCV  
  17  1:03  SCV  
  18  1:15  SCV  
  19  1:27  Reaper, Orbital Command  
  20  1:47  Command Center  
  20  1:54  Supply Depot, SCV  
  20  1:59  Marine  
  22  2:06  SCV  
  23  2:08  Factory  
  23  2:18  SCV  
  23  2:21  Barracks Reactor  
  24  2:25  Bunker  
  24  2:29  Refinery  
  24  2:31  SCV  
  25  2:44  SCV  
  26  2:56  SCV  
  27  2:58  Starport  
  27  3:00  Hellion x2  
  27  3:01  Orbital Command  
  31  3:08  SCV  
  31  3:10  Barracks Tech Lab  
  32  3:22  Hellion x2  
  32  3:23  SCV  
  37  3:27  SCV  
  37  3:31  Supply Depot  
  38  3:35  SCV  
  38  3:40  SCV  
  40  3:47  Cloaking Field, Banshee, SCV  
  44  3:52  SCV  
  44  3:53  Supply Depot  
  44  3:55  Factory Tech Lab, Marine x2  
  45  3:59  SCV  
  48  4:06  SCV  
  47  4:11  SCV  
  47  4:13  Siege Tank  
  49  4:19  SCV  
  49  4:22  Marine x2  
  49  4:23  SCV  
  52  4:28  Supply Depot  
  52  4:30  Banshee  
  51  4:31  SCV, Barracks  
  51  4:32  Barracks  
  51  4:35  SCV  
  51  4:36  Refinery  
  53  4:40  Engineering Bay  
  53  4:41  Marine x2  
  55  4:46  SCV, Refinery  
  55  4:47  SCV  
  55  4:51  Siege Tank  
  60  4:58  SCV  
  62  5:00  SCV  
  59  5:07  Supply Depot  
  59  5:10  SCV  
  59  5:12  SCV, Barracks  
  59  5:13  Barracks  
  61  5:18  Marine  
  61  5:19  Marine  
  63  5:28  Stimpack  
  63  5:32  SCV  
  63  5:34  Marine x2  
  64  5:36  Concussive Shells  
  63  5:44  SCV  
  63  5:49  Factory Tech Lab, Starport Reactor  
  57  5:50  Marine x2  
  57  5:52  Marauder, Supply Depot, Terran Infantry Weapons Level 1  
  57  5:53  Marauder  
  63  5:59  Missile Turret  
  63  6:00  Missile Turret  
  63  6:05  Marine x2  
  64  6:14  Marauder  
  62  6:19  Marauder, Marine x2  
  62  6:25  Supply Depot  
  66  6:26  Barracks Reactor, Barracks Tech Lab  
  66  6:27  Medivac x2  
  70  6:35  Marauder  
  72  6:42  Barracks Tech Lab  
  72  6:45  Barracks Tech Lab  
  72  6:46  Marauder  
  73  6:47  Marine  
  73  6:48  Marine  
  70  6:57  Marauder, Medivac x2  
  70  7:00  Widow Mine  
  70  7:01  Command Center  
  74  7:15  Marauder  
  74  7:17  Barracks Reactor, Barracks Tech Lab  
  74  7:18  Marauder, Combat Shield, Marine x2  
  74  7:20  Supply Depot  
  78  7:26  Supply Depot  
  78  7:27  Medivac x2  
  80  7:36  Marine x2  
  80  7:37  Marauder x2  
  84  7:39  Marauder  
  84  7:42  Supply Depot  
  86  7:49  Supply Depot  
  86  7:58  Marauder x2  
  88  8:00  Factory Reactor, Marine x2  
  88  8:01  Marauder, Medivac x2, Marine  
  88  8:02  Marine  
  98  8:07  SCV x2  
  98  8:10  Supply Depot  
  100  8:14  Supply Depot  
  100  8:19  Marauder  
  102  8:20  Marauder, Marine x3  
  102  8:21  Marine  
  102  8:22  Marauder  
  106  8:35  SCV  
  106  8:38  Marine x4  
  106  8:41  Marauder x2, Orbital Command  
  115  8:44  Marauder  
  113  8:56  Medivac  
  113  8:57  Medivac  
  113  8:59  Marine x4  
  113  9:02  Marauder x2  
  125  9:05  Marauder, Missile Turret  
  125  9:06  SCV x2  
  125  9:08  SCV  
  130  9:16  Supply Depot  
  128  9:19  Marine x3  
  128  9:20  Marine  
  128  9:23  Marauder  
  134  9:24  Armory  
  134  9:25  Bunker  
  134  9:29  Marauder  
  136  9:38  SCV  
Show
View Real Time Build Order
Export as new Build Order

Astrea Protoss 

Build Orders: 1 Gate Expand, Blink Stalkers 

Get SALT Encoding   

  12  0:00  Probe  
  13  0:12  Probe  
  14  0:16  Pylon  
  14  0:24  Probe (Chrono Boost)  
  16  0:36  Gateway, Probe (Chrono Boost)  
  16  0:43  Probe (Chrono Boost)  
  16  0:45  Assimilator  
  17  0:51  Probe  
  18  1:03  Probe  
  19  1:15  Probe  
  20  1:23  Cybernetics Core  
  20  1:31  Nexus  
  20  1:34  Probe  
  21  1:41  Pylon  
  21  1:46  Probe  
  22  1:52  Assimilator  
  22  1:56  Adept (Chrono Boost)  
  22  1:58  Probe  
  22  2:00  Warp Gate  
  25  2:10  Probe  
  26  2:17  Stalker (Chrono Boost)  
  29  2:22  Probe  
  29  2:35  Probe (Chrono Boost)  
  30  2:37  Twilight Council  
  30  2:43  Probe (Chrono Boost)  
  32  2:53  Gateway, Probe x2 (Chrono Boost)  
  33  2:59  Probe  
  33  3:00  Gateway  
  33  3:05  Probe  
  35  3:08  Blink (Chrono Boost)  
  35  3:21  Robotics Facility  
  35  3:23  Probe x2  
  37  3:37  Probe x2  
  37  3:39  Pylon  
  39  3:48  Stalker  
  39  3:49  Stalker  
  39  3:50  Probe  
  39  3:53  Probe  
  39  3:55  Stalker  
  45  4:02  Probe  
  46  4:03  Pylon  
  46  4:05  Shield Battery  
  45  4:16  Warp Prism (Chrono Boost)  
  37  4:30  Stalker x2  
  40  4:37  Stalker  
  42  4:44  Probe x2  
  44  4:55  Stalker x2  
  44  4:57  Probe  
  44  4:58  Probe  
  48  5:09  Probe  
  48  5:10  Probe  
  48  5:11  Stalker  
  45  5:24  Observer (Chrono Boost)  
  45  5:28  Probe x2  
  44  5:38  Stalker  
  44  5:40  Probe x2  
  43  5:52  Stalker, Probe x2 (Chrono Boost)  
  47  6:02  Probe (Chrono Boost)  
  47  6:03  Probe (Chrono Boost)  
  47  6:07  Probe (Chrono Boost)  
  46  6:14  Probe  
  43  6:19  Probe (Chrono Boost)  
  43  6:24  Stalker x2  
  48  6:27  Stalker  
  48  6:28  Probe (Chrono Boost)  
  52  6:36  Probe (Chrono Boost)  
  52  6:38  Probe (Chrono Boost)  
  53  6:43  Probe (Chrono Boost)  
  53  6:44  Probe  
  52  6:54  Stalker x2  
  52  6:55  Zealot, Probe  
  52  6:56  Probe  
  60  7:07  Probe  
  57  7:08  Probe  
  52  7:18  Stalker x3  
  52  7:19  Probe  
  52  7:20  Probe  
  60  7:23  Assimilator  
  56  7:31  Probe  
  56  7:32  Probe  
  54  7:42  Stalker x3, Assimilator  
  54  7:43  Probe  
  61  7:45  Probe  
  61  8:05  Stalker, Pylon  
  61  8:08  Stalker  
  61  8:09  Pylon  
  61  8:12  Stalker  
  62  8:14  Shield Battery  
  58  8:20  Immortal (Chrono Boost)  
  58  8:22  Stalker  
  64  8:29  Stalker  
  64  8:33  Pylon  
  66  8:36  Robotics Bay  
  66  8:41  Pylon  
  66  8:47  Stalker x2  
  67  9:07  Forge  
  67  9:10  Gateway  
  67  9:20  Stalker x2, Zealot  
  74  9:41  Zealot, Nexus  

Tags
 
Add a new tag
Caveats
  • Supply blocks, unpowered buildings, or Contaminate may cause inaccurate times.
  • Supply counts are checked every 10 seconds.